 Dungeon Crawl Stone Soup version 0.29.0-4-gdea44cf6ec (webtiles) character file.

Game seed: 8109693605959358842

2133 qw the Cleaver (level 9, -3/54 HPs)
             Began as a Tengu Warper on Aug 28, 2022.
             Succumbed to a hornet's poison
             ... on level 7 of the Dungeon.
             The game lasted 00:00:43 (7403 turns).

qw the Cleaver (Tengu Warper)                       Turns: 7403, Time: 00:00:44

Health: -3/54      AC: 18    Str: 15    XL:     9   Next: 30%
Magic:  1/13       EV:  5    Int: 14    God:
Gold:   406        SH:  5    Dex: 14    Spells: 12/12 levels left

rFire   + . .      SeeInvis .   d - +2 hand axe (freeze)
rCold   . . .      Faith    .   c - +0 buckler of Honour {rF+ Slay+3}
rNeg    . . .      Spirit   +   n - +0 plate armour
rPois   .          Reflect  .   (helmet restricted)
rElec   .          Harm     .   (no cloak)
rCorr   .          Rampage  .   o - +1 pair of gloves
Will    .....                   (boots unavailable)
Stlth   ..........              k - amulet of guardian spirit
HPRegen 0.18/turn               f - +4 ring of protection
MPRegen 0.13/turn               (no ring)

@: lethally poisoned (-3 -> -19), about to teleport, flying quickly and
evasively, slowed, very slow
A: beak, talons 3, nimble flight
a: no special abilities


You were on level 7 of the Dungeon.
You visited 1 branch of the dungeon, and saw 7 of its levels.

You collected 406 gold pieces.


Innate Abilities, Weirdness & Mutations

You have a beak for a mouth.
You have claws for feet.
Your magical nature lets you fly swiftly and evasively.


   Skills:
 - Level 5.1 Fighting
 + Level 10.3 Axes
 - Level 1.0 Throwing
 - Level 5.3 Armour
 - Level 2.1 Dodging
 - Level 3.2 Shields
 - Level 2.0 Spellcasting
 - Level 2.4 Translocations


You had 12 spell levels left.
You didn't know any spells.
Your spell library contained the following spells:

 Spells                   Type           Power      Damage    Failure   Level
 Blink                    Tloc           16%        N/A       100%        2
 Gell's Gravitas          Tloc           8%         N/A       100%        3
 Lesser Beckoning         Tloc           8%         N/A       100%        3
 Teleport Other           Tloc           8%         N/A       100%        3
 Manifold Assault         Tloc           8%         N/A       100%        5

Inventory:

Hand Weapons
 d - a +2 hand axe of freezing (weapon)
 j - a +3 flail
Armour
 c - the +0 buckler of Honour (worn) {rF+ Slay+3}
   (You acquired it on level 4 of the Dungeon)

   Slay:      It affects your accuracy & damage with ranged weapons and melee
   (+3).
   rF:        It protects you from fire.
 n - a +0 plate armour (worn)
 o - a +1 pair of gloves (worn)
Jewellery
 f - a +4 ring of protection (left hand)
 k - an amulet of guardian spirit (around neck)
Scrolls
 a - a scroll of identify
Potions
 b - a potion of cancellation
 e - a potion of haste
 h - a potion of might {unknown}
 i - 2 potions of heal wounds
 l - 2 potions of curing
 m - a potion of flight {unknown}

Dungeon Overview and Level Annotations

Branches:
Dungeon (7/15)             Temple (0/1) D:7

Altars:
Ashenzari
Fedhas
Wu Jian

Shops:
D:5 *


Message History

You kill the orc warrior!
You hit the hornet but do no damage.
You feel yourself speed up. You block the hornet's attack.
The hornet stings you but does no damage.
You slash the hornet! You freeze the hornet. Your kick misses the hornet.
The hornet is heavily wounded.
The hornet stings you!
You feel yourself slow down.
You hit the hornet. You freeze the hornet. Your kick misses the hornet.
The hornet is heavily wounded.
The hornet stings you.
You are poisoned.
You feel as though you will be slow longer.
The hornet stings you.
You are more poisoned.
You suddenly lose the ability to move!
You feel very sick.
The hornet stings you but does no damage.
You feel very sick.
The hornet stings you but does no damage. x2
You can move again.
You barely miss the hornet. You claw the hornet, but do no damage.
Your peck misses the hornet.
The hornet is heavily wounded.
You feel very sick.
The hornet stings you but does no damage.
The hornet stings you!
You are lethally poisoned!
You feel as though you will be slow longer.
You hit the hornet. You freeze the hornet. Your kick misses the hornet.
You peck the hornet.
The hornet is almost dead.
You feel very sick. The hornet stings you!
You feel as though you will be slow longer.
You block the hornet's attack.
7403 ||| READING scroll of teleportation.
As you read the scroll of teleportation, it crumbles to dust.
You feel strangely unstable.
You die...

.. ยค. #... .# .#
#...... .# .......#.
. ##.......o. ..
#.......#o# ....
#.... ###y# ....#
#####...###.)@##....#
..)...#........#...#
......##..>..##...#
#....#........#.#
#.<..##...###...#
###...#.###...###
#...#.#....#
##.........#
#...#......#


You could see a hornet and 2 orcs.

Vanquished Creatures
  A hornet (D:7)
  Duvessa (D:5)
  2 ice beasts
  2 orc warriors
  A sky beast (D:6)
  2 ogres
  A centaur (D:4)
  A phantom (D:6)
  A bullfrog (D:5)
  A necrophage (D:5)
  2 scorpions
  5 wights (D:6)
  Dowan (D:5)
  4 hounds
  3 jellies
  2 orc priests (D:6)
  An iguana (D:6)
  2 orc wizards (D:6)
  7 adders
  2 white imps
  An ufetubus (D:5)
  A worm (D:4)
  3 dart slugs (D:4)
  10 orcs
  12 ball pythons
  6 endoplasms
  3 giant cockroaches
  5 hobgoblins
  7 jackals
  5 quokkas
  2 frilled lizards
  10 goblins
  8 kobolds
  9 rats
124 creatures vanquished.

Notes
Turn   | Place    | Note
-------+----------+-------------------------------------------
     0 | D:1      | qw the Tengu Warper began the quest for the Orb.
     0 | D:1      | Reached XP level 1. HP: 12/12 MP: 4/4
     0 | D:1      | 0 ||| qw: Version: 0.1-a-89-g26bdef1
     0 | D:1      | 0 ||| qw: Game counter: 1260
     0 | D:1      | 0 ||| qw: Always use a shield: true
     0 | D:1      | 0 ||| qw: God list: Okawaru
     0 | D:1      | 0 ||| qw: Allow faded altars: false
     0 | D:1      | 0 ||| qw: Do Orc after D:15 true
     0 | D:1      | 0 ||| qw: Do second Lair branch before Depths: true
     0 | D:1      | 0 ||| qw: Lair rune preference: random
     0 | D:1      | 0 ||| qw: Plans: Normal
     0 | D:1      | 0 ||| PLANNING D:1-11
   232 | D:1      | Reached skill level 3 in Axes
   232 | D:1      | Reached XP level 2. HP: 17/17 MP: 6/6
   801 | D:1      | 801 ||| Stepping ~*~*~tactically~*~*~ (stealth).
   821 | D:1      | Found a faded altar of an unknown god.
   947 | D:1      | Reached XP level 3. HP: 15/21 MP: 7/7
  1171 | D:1      | 1171 ||| Stepping ~*~*~tactically~*~*~ (stealth).
  1181 | D:1      | 1181 ||| Stepping ~*~*~tactically~*~*~ (stealth).
  1208 | D:1      | 1208 ||| Stepping ~*~*~tactically~*~*~ (stealth).
  1209 | D:1      | 1209 ||| Stepping ~*~*~tactically~*~*~ (stealth).
  1216 | D:1      | 1216 ||| Stepping ~*~*~tactically~*~*~ (stealth).
  1233 | D:1      | 1233 ||| Stepping ~*~*~tactically~*~*~ (stealth).
  1236 | D:1      | 1236 ||| Stepping ~*~*~tactically~*~*~ (stealth).
  1262 | D:1      | 1262 ||| DROPPING +0 club.
  1284 | D:1      | Reached skill level 4 in Axes
  1539 | D:1      | 1539 ||| UPGRADING to +0 scale mail.
  1549 | D:1      | 1549 ||| DROPPING +0 leather armour.
  1550 | D:1      | 1550 ||| UPGRADING to amulet of guardian spirit.
  1555 | D:1      | 1555 ||| DROPPING amulet of faith.
  1556 | D:1      | 1556 ||| READING 2 scrolls labelled LEIBUY QEIHEURCH.
  1557 | D:1      | 1557 ||| READING 2 scrolls labelled XOBUEVVIFUXT.
  1562 | D:1      | 1562 ||| READING scroll labelled TOFI PORIS.
  1563 | D:1      | 1563 ||| READING scroll labelled QUYFOE LECER.
  1564 | D:1      | 1564 ||| DROPPING scroll of blinking.
  1594 | D:2      | 1594 ||| Stepping ~*~*~tactically~*~*~ (stealth).
  1595 | D:2      | 1595 ||| Stepping ~*~*~tactically~*~*~ (stealth).
  1600 | D:2      | 1600 ||| Stepping ~*~*~tactically~*~*~ (stealth).
  1877 | D:2      | 1877 ||| FLEEEEING.
  1878 | D:2      | 1878 ||| FLEEEEING.
  1879 | D:2      | 1879 ||| FLEEEEING.
  1880 | D:2      | 1880 ||| FLEEEEING.
  1881 | D:2      | 1881 ||| FLEEEEING.
  1882 | D:2      | 1882 ||| FLEEEEING.
  1883 | D:2      | 1883 ||| FLEEEEING.
  1884 | D:2      | 1884 ||| FLEEEEING.
  1885 | D:2      | 1885 ||| FLEEEEING.
  1886 | D:2      | 1886 ||| FLEEEEING.
  1887 | D:2      | 1887 ||| FLEEEEING.
  1888 | D:2      | 1888 ||| FLEEEEING.
  1889 | D:2      | 1889 ||| FLEEEEING.
  1890 | D:2      | 1890 ||| FLEEEEING.
  1891 | D:2      | 1891 ||| FLEEEEING.
  1892 | D:2      | 1892 ||| FLEEEEING.
  1893 | D:2      | 1893 ||| STAIRDANCE
  1933 | D:1      | 1933 ||| UPGRADING to +4 ring of protection.
  1934 | D:1      | 1934 ||| READING scroll labelled XOT CIROHYROSI.
  1935 | D:1      | 1935 ||| READING 2 scrolls of identify.
  1935 | D:1      | 1935 ||| IDENTIFYING fuming emerald potion
  1939 | D:2      | 1939 ||| STAIRDANCE
  2045 | D:2      | Reached XP level 4. HP: 26/26 MP: 8/8
  2134 | D:2      | Found an ornate altar of the Wu Jian Council.
  2176 | D:2      | 2176 ||| DRINKING 3 murky silvery potions.
  2177 | D:2      | 2177 ||| DROPPING 2 potions of magic.
  2218 | D:3      | 2218 ||| Stepping ~*~*~tactically~*~*~ (stealth).
  2237 | D:3      | 2237 ||| Stepping ~*~*~tactically~*~*~ (stealth).
  2269 | D:3      | 2269 ||| Stepping ~*~*~tactically~*~*~ (stealth).
  2270 | D:3      | 2270 ||| Stepping ~*~*~tactically~*~*~ (stealth).
  2271 | D:3      | 2271 ||| Stepping ~*~*~tactically~*~*~ (stealth).
  2526 | D:3      | 2526 ||| Stepping ~*~*~tactically~*~*~ (hiding).
  2527 | D:3      | 2527 ||| Stepping ~*~*~tactically~*~*~ (hiding).
  2537 | D:3      | 2537 ||| Stepping ~*~*~tactically~*~*~ (stealth).
  2547 | D:3      | 2547 ||| FLEEEEING.
  2548 | D:3      | 2548 ||| FLEEEEING.
  2549 | D:3      | 2549 ||| FLEEEEING.
  2555 | D:3      | 2555 ||| FLEEEEING.
  2556 | D:3      | 2556 ||| FLEEEEING.
  2557 | D:3      | 2557 ||| FLEEEEING.
  2558 | D:3      | 2558 ||| FLEEEEING.
  2559 | D:3      | 2559 ||| FLEEEEING.
  2560 | D:3      | 2560 ||| FLEEEEING.
  2561 | D:3      | 2561 ||| FLEEEEING.
  2562 | D:3      | 2562 ||| FLEEEEING.
  2563 | D:3      | 2563 ||| FLEEEEING.
  2564 | D:3      | 2564 ||| FLEEEEING.
  2566 | D:3      | 2566 ||| STAIRDANCE
  2690 | D:2      | 2690 ||| READING scroll labelled LUOMUV YPIKHAO.
  2691 | D:2      | 2691 ||| READING 2 scrolls of identify.
  2691 | D:2      | 2691 ||| IDENTIFYING sapphire potion
  2692 | D:2      | 2692 ||| DROPPING potion of degeneration.
  2695 | D:3      | 2695 ||| STAIRDANCE
  2700 | D:2      | Reached skill level 5 in Axes
  2800 | D:3      | Found a broken altar of Ashenzari.
  2810 | D:3      | 2810 ||| Stepping ~*~*~tactically~*~*~ (stealth).
  2813 | D:3      | 2813 ||| Stepping ~*~*~tactically~*~*~ (stealth).
  2905 | D:3      | 2905 ||| Stepping ~*~*~tactically~*~*~ (stealth).
  3148 | D:3      | 3148 ||| UPGRADING to +0 pair of gloves.
  3153 | D:3      | 3153 ||| READING scroll labelled SOANUH LOIKHO.
  3154 | D:3      | 3154 ||| READING scroll labelled TOAGGARAATS.
  3155 | D:3      | 3155 ||| READING 2 scrolls labelled PIOL BOCZUGG.
  3156 | D:3      | 3156 ||| READING 4 scrolls of identify.
  3156 | D:3      | 3156 ||| IDENTIFYING yellow potion
  3157 | D:3      | 3157 ||| READING 3 scrolls of identify.
  3157 | D:3      | 3157 ||| IDENTIFYING metallic purple potion
  3158 | D:3      | 3158 ||| READING 2 scrolls of identify.
  3158 | D:3      | 3158 ||| IDENTIFYING white potion
  3159 | D:3      | 3159 ||| DROPPING potion of lignification.
  3160 | D:3      | 3160 ||| DROPPING scroll of magic mapping.
  3161 | D:3      | 3161 ||| READING scroll of teleportation.
  3213 | D:4      | Noticed a centaur
  3225 | D:4      | Killed a centaur
  3226 | D:4      | Reached skill level 6 in Axes
  3226 | D:4      | Gained mutation: Your magical nature lets you fly swiftly
                  | and evasively. [Tengu growth]
  3226 | D:4      | Reached XP level 5. HP: 20/30 MP: 7/9
  3485 | D:4      | 3485 ||| Stepping ~*~*~tactically~*~*~ (stealth).
  3495 | D:4      | 3495 ||| FLEEEEING.
  3496 | D:4      | 3496 ||| FLEEEEING.
  3497 | D:4      | 3497 ||| FLEEEEING.
  3498 | D:4      | 3498 ||| FLEEEEING.
  3499 | D:4      | 3499 ||| FLEEEEING.
  3913 | D:4      | Noticed an ogre
  3928 | D:4      | Killed an ogre
  3929 | D:4      | Reached skill level 7 in Axes
  3929 | D:4      | Reached XP level 6. HP: 14/35 MP: 3/10
  4641 | D:4      | 4641 ||| READING scroll labelled CAZIGGOBACH.
  4641 | D:4      | Identified a scroll of acquirement
  4641 | D:4      | 4641 ||| ACQUIRING +0 buckler of Honour {rF+ Slay+3}
  4641 | D:4      | Acquired the +0 buckler of Honour {rF+ Slay+3}
  4643 | D:4      | 4643 ||| UPGRADING to +0 buckler of Honour {rF+ Slay+3}.
  4648 | D:4      | 4648 ||| READING scroll labelled USESEL UHUPI.
  4649 | D:4      | 4649 ||| READING 2 scrolls of identify.
  4649 | D:4      | 4649 ||| IDENTIFYING orange potion
  4650 | D:4      | 4650 ||| DROPPING potion of berserk rage.
  4678 | D:5      | Entered Level 5 of the Dungeon
  4678 | D:5      | Found Kaogeagh's General Store.
  4692 | D:5      | Reached skill level 1 in Shields
  4908 | D:5      | 4908 ||| Stepping ~*~*~tactically~*~*~ (stealth).
  4917 | D:5      | Reached skill level 3 in Fighting
  4917 | D:5      | Noticed Duvessa
  4918 | D:5      | 4918 ||| FLEEEEING.
  4992 | D:5      | Noticed Dowan
  4993 | D:5      | 4993 ||| Stepping ~*~*~tactically~*~*~ (stealth).
  4996 | D:5      | 4996 ||| Stepping ~*~*~tactically~*~*~ (hiding).
  5007 | D:5      | Killed Duvessa
  5008 | D:5      | Reached XP level 7. HP: 29/41 MP: 4/11
  5008 | D:5      | Killed Dowan
  5284 | D:5      | Reached skill level 8 in Axes
  5601 | D:5      | 5601 ||| Stepping ~*~*~tactically~*~*~ (stealth).
  5687 | D:5      | 5687 ||| UPGRADING to +0 chain mail.
  5697 | D:5      | 5697 ||| DROPPING +0 scale mail.
  5698 | D:5      | 5698 ||| UPGRADING to +0 plate armour.
  5708 | D:5      | 5708 ||| DROPPING +0 chain mail.
  5750 | D:6      | Reached skill level 3 in Armour
  5750 | D:6      | Reached XP level 8. HP: 42/46 MP: 10/12
  6058 | D:6      | 6058 ||| SWAPPING to +2 hand axe of freezing.
  6059 | D:6      | 6059 ||| DROPPING +1 hand axe.
  6069 | D:6      | Reached skill level 9 in Axes
  6273 | D:6      | 6273 ||| DROPPING +0 whip.
  6282 | D:6      | 6282 ||| Stepping ~*~*~tactically~*~*~ (stealth).
  6285 | D:6      | 6285 ||| Stepping ~*~*~tactically~*~*~ (hiding).
  6301 | D:6      | 6301 ||| Stepping ~*~*~tactically~*~*~ (stealth).
  6302 | D:6      | 6302 ||| Stepping ~*~*~tactically~*~*~ (stealth).
  6625 | D:6      | Reached skill level 10 in Axes
  6784 | D:6      | 6784 ||| READING scroll of enchant armour.
  6784 | D:6      | 6784 ||| ENCHANTING +0 pair of gloves.
  6911 | D:6      | Identified the +1 leather armour of the Sixty-Six Realms
                  | {Contam Slay+6}
  7024 | D:6      | Reached XP level 9. HP: 44/52 MP: 10/13
  7141 | D:6      | Reached skill level 3 in Shields
  7286 | D:6      | Found a blossoming altar of Fedhas.
  7368 | D:7      | Found a staircase to the Ecumenical Temple.
  7369 | D:7      | 7369 ||| PLANNING TEMPLE
  7373 | D:7      | Noticed a hornet
  7378 | D:7      | Killed a hornet
  7389 | D:7      | Noticed a hornet
  7398 | D:7      | Paralysed by a hornet for 3 turns
  7402 | D:7      | HP: 9/54 [poisoned by a hornet]
  7402 | D:7      | HP: 2/54 [hornet (7)]
  7403 | D:7      | 7403 ||| READING scroll of teleportation.
  7403 | D:7      | Succumbed to a hornet's poison

Levels and vault maps discovered:
D:1:      lightli_arrival_quake, layout_loops_corners,
          hellmonk_ecumenical_altar_prayer_group,
          hangedman_abyss_or_decor_lesser_grid
D:2:      layout_rooms, basic_altar
D:3:      layout_rooms, ashenzari_conservatory_becter,
          nicolae_concentric_dashed_squares_wild, moated_statue
D:4:      layout_layer_cave
D:5:      layout_loops_ring, serial_shops, shop, amcnicky_mini_corridor_feature,
          uniq_duvessa
D:6:      layout_gridville, fedhas_altar_2, minmay_statues_item,
          amethyst_killhole
D:7:      layout_cave_pods, mainiacjoe_overflow_catwalk, kennysheep_little_box,
          minmay_temple_entry_slanted

Skill      XL: |  1  2  3  4  5  6  7  8  9 |
---------------+----------------------------+-----
Axes           | 3 4 6 7 8 10 | 10.3
Shields        | 2 3 |  3.2
Fighting       | 3 4 5 |  5.1
Armour         | 3 4 5 |  5.3
Throwing       | |  1.0
Dodging        | |  2.1
Spellcasting   | |  2.0
Translocations | |  2.4

Action                   |  1- 3 |  4- 6 |  7- 9 || total
-------------------------+-------+-------+-------++-------
Melee: Hand axe          |   102 |   146 |   141 ||   389
       Peck              |    15 |    25 |    24 ||    64
       Kick              |    17 |    39 |    48 ||   104
       Punch             |     1 |       |       ||     1
Throw: Boomerang         |     7 |       |       ||     7
  Use: Scroll            |     6 |    12 |     2 ||    20
       Potion            |       |     1 |       ||     1
Armor: Leather armour    |    13 |       |       ||    13
       Scale mail        |     7 |    66 |    11 ||    84
       Plate armour      |       |       |    51 ||    51
Dodge: Dodged            |    40 |    67 |    20 ||   127
Block: Buckler           |       |     4 |    19 ||    23

Table legend:
 A = Non-vault XP
 B = Vault XP
 C = Vault XP percentage of total XP
 D = Non-vault monster count
 E = Vault monster count
 F = Vault count percentage of total count
                 A         B        C        D         E       F
            +---------+---------+-------+---------+---------+-------
      Total |    2842 |     206 |   6.8 |     120 |       4 |   3.2
            +---------+---------+-------+---------+---------+-------
        D:1 |      49 |       4 |   7.5 |      29 |       2 |   6.5
        D:2 |      30 |       0 |   0.0 |      12 |       0 |   0.0
        D:3 |      49 |       0 |   0.0 |      22 |       0 |   0.0
        D:4 |     281 |       0 |   0.0 |      16 |       0 |   0.0
        D:5 |     583 |     202 |  25.7 |      13 |       2 |  13.3
        D:6 |    1443 |       0 |   0.0 |      24 |       0 |   0.0
        D:7 |     407 |       0 |   0.0 |       4 |       0 |   0.0
            +---------+---------+-------+---------+---------+-------
